 Dungeon Crawl Stone Soup version 0.28.0-53-g5a82cb258f (webtiles) character file.

Game seed: 14990288582671391258

1637 kudzoo the Magician (level 9, -7/61 HPs)
             Began as a Djinni Hedge Wizard on July 31, 2022.
             Shot with an arrow by a centaur (13 damage)
             ... on level 7 of the Dungeon on Aug 1, 2022.
             The game lasted 01:30:33 (8212 turns).

kudzoo the Magician (Djinni Hedge Wizard)           Turns: 8212, Time: 01:30:33

Health: -7/61      AC: 17    Str:  9    XL:     9   Next: 18%
Gold:   208        EV: 24    Int: 20    God:
                   SH:  0    Dex: 13

rFire   + + .      SeeInvis .   t - +1 dagger (flame)
rCold   x . .      Faith    .   (no shield)
rNeg    . . .      Spirit   .   K - +3 scale mail of the Swan {Harm Rampage +Blink rPois}
rPois   ∞          Reflect  .   c - +0 hat
rElec   .          Harm     +   (no cloak)
rCorr   .          Rampage  +   (no gloves)
Will    .....                   (boots unavailable)
Stlth   +.........              w - amulet of the acrobat
HPRegen 0.20/turn               i - +4 ring of protection
MPRegen 0.00/turn               l - +4 ring of protection

@: acrobatic, flying
A: sickness immunity, fire resistance 2, cold vulnerability 1, float, innate
caster, HP casting, extra vitality 1
a: Evoke Blink


You were on level 7 of the Dungeon.
You visited 1 branch of the dungeon, and saw 7 of its levels.
You also visited: Sewer.

You collected 208 gold pieces.

Inventory:

Hand Weapons
 a - a +0 dagger
 d - a +0 shortbow
 j - a +0 short sword
 q - a +0 long sword
 t - a +1 dagger of flaming (weapon)
 v - a +0 hunting sling
 D - a +0 whip of electrocution
 J - a +2 halberd of protection
 L - a +0 hunting sling
 O - a +1 flail of holy wrath
 Q - a +0 shortbow
Missiles
 m - 52 arrows
 n - 11 sling bullets
 o - 64 stones
 x - 5 poisoned darts
 E - 2 throwing nets
 I - 2 boomerangs
Armour
 b - a +0 robe
 c - a +0 hat (worn)
 f - a +0 leather armour
 k - a +0 ring mail
 F - an orb of wrath
 K - the +3 scale mail of the Swan (worn) {Harm Rampage +Blink rPois}
   (You took it off a gnoll on level 4 of the Dungeon)

   rPois:     It protects you from poison.
   +Blink:    It lets you blink.
   Harm:      It increases damage dealt and taken.
   Rampage:   It bestows one free step when moving towards enemies.
Magical Staves
 u - a staff of earth
Jewellery
 i - a +4 ring of protection (left hand)
 l - a +4 ring of protection (right hand)
 w - an amulet of the acrobat (around neck)
 G - a ring of wizardry
Wands
 N - a wand of polymorph (7)
Scrolls
 g - a scroll of magic mapping {unknown}
 h - 7 scrolls of identify
 p - 4 scrolls of enchant armour {unknown}
 s - a scroll of noise {unknown}
 y - 3 scrolls of enchant weapon {unknown}
 A - a scroll of fog {unknown}
 C - 2 scrolls of teleportation {unknown}
 H - 2 scrolls of blinking {unknown}
 P - a scroll of summoning {unknown}
Potions
 e - 2 potions of might {unknown}
 r - a potion of curing
 z - 4 potions of heal wounds {unknown}
 B - a potion of haste
 M - a potion of flight


   Skills:
 * Level 3.4 Fighting
 + Level 2.1 Short Blades
 * Level 3.4 Armour
 + Level 3.5 Dodging
 + Level 2.4 Stealth
 + Level 6.5 Spellcasting
 * Level 3.1 Evocations


You couldn't memorise any spells.
You knew the following spells:

 Your Spells              Type           Power      Damage    Failure   Level
a - Magic Dart            Conj           100%       1d8       4%          1
b - Blink                 Tloc           64%        N/A       8%          2
c - Call Imp              Summ           32%        N/A       8%          2
d - Slow                  Hex            100%       N/A       4%          1
e - Conjure Flame         Conj/Fire      32%        6-21      14%         3
f - Mephitic Cloud        Conj/Pois/Air  32%        N/A       14%         3
g - Pain                  Necr           100%       1d9       4%          1
h - Corpse Rot            Necr/Air       64%        N/A       8%          2
i - Stone Arrow           Conj/Erth      64%        3d11      14%         3
j - Lesser Beckoning      Tloc           32%        N/A       14%         3
Your spell library was empty.

Dungeon Overview and Level Annotations

Branches:
Dungeon (7/15)              Sewer (visited)
 Temple: D:4-7

Altars:
Dithmenos
Elyvilon

Shops:
D:3 !

Annotations:
D:2 1 runed translucent door, Crazy Yiuf
D:5 Dowan, Duvessa, Ijyb
D:7 Menkaure


Innate Abilities, Weirdness & Mutations

You are immune to sickness and miasma.
You are immune to poison.
Your flesh is very heat resistant. (rF++)
You are vulnerable to cold. (rC-)
You float through the air rather than walking.
You learn spells naturally, not from books.
Your magical power is your life essence.
You have superior vitality. (+4 MHP)


Message History

Aim: an orc priest, wielding a +0 flail (almost dead, ally target, 100% to hit)
You miscast Magic Dart.
Nothing appears to happen.
Your iron imp closely misses the orc priest.
The orc priest hits you but does no damage.
Aiming: Magic Dart (safe; 4% risk of failure)
Press: ? - help, Q - select action, (/) - cycle Shift-Dir - straight line, f/p - orc priest
Aim: an orc priest, wielding a +0 flail (almost dead, ally target, 100% to hit)
The magic dart hits the orc priest.
You kill the orc priest!
The orc hits you but does no damage.
The orc wizard points at you and mumbles some strange words.
Your iron imp appears confused.
Your iron imp hits the orc wizard!
The orc priest mumbles some strange prayers to Beogh against you.
Beogh smites you!
Your iron imp closely misses the orc wizard.
The orc completely misses you.
The orc priest barely misses your iron imp.
Your iron imp hits itself.
The orc wizard points at you and mumbles some strange words.
The puff of flame hits you but does no damage.
Your magical contamination has completely faded away.
Aiming: Magic Dart (safe; 4% risk of failure)
Press: ? - help, Q - select action, (/) - cycle Shift-Dir - straight line, f - orc wizard
Aim: an orc wizard, wielding a +0 dagger and wearing a +0 robe (severely wounded, 100% to hit)
The magic dart hits the orc wizard.
The orc wizard is almost dead.
A centaur comes into view.
Found 16 stones.
The centaur shouts!
The wight throws a stone.
The stone barely misses you. The wight barely misses you.
The orc priest mumbles some strange prayers to Beogh against you.
Beogh smites you!
* * * LOW HITPOINT WARNING * * *
An orc wizard and an orc come into view.
The orc shouts!
The centaur wields a +0 shortbow.
The centaur shoots an arrow.
The arrow hits you!
You die...

.# .# #.# ..#
.# ## #.###..#
.# ...
#......#. ?+
....###....(...
.#
....#........oo
... ..'c.......
... #z(...# ...
#..@..# . ..
#.....# #.. .
###...#....
#<#o....... ##
#.#.o##.... .
##.#o.# .#..
####. #.....# .
. ......#..#..#
. .........#..#


You could see a centaur, a wight, an orc priest, 2 orc wizards and 2 orcs.

Vanquished Creatures
  A shadow (D:6)
  An ice beast (D:5)
  A sky beast (D:6)
  An ogre (D:5)
  A necrophage (D:4)
  A centaur (D:6)
  A phantom (D:5)
  A wight (D:6)
  A howler monkey (D:6)
  An orc priest (D:7)
  A bullfrog skeleton (D:6)
  2 hounds
  Jessica (D:2)
  An iguana (D:5)
  An orc wizard (D:4)
  A howler monkey zombie (D:3)
  7 gnolls
  8 adders
  A shadow imp (D:6)
  4 worms
  13 orcs
  7 bats
  9 endoplasms
  A giant cockroach (D:2)
  7 goblins
  3 hobgoblins
  3 jackals (D:2)
  5 quokkas
  10 ball pythons
  3 frilled lizards
  10 kobolds
  9 rats
117 creatures vanquished.

Vanquished Creatures (collateral kills)
  Edmund (D:6)
  2 sky beasts
  An ogre (D:4)
  A centaur skeleton (D:4)
  A hound skeleton (D:4)
  2 orcs (D:4)
8 creatures vanquished.

Grand Total: 125 creatures vanquished

Notes
Turn   | Place    | Note
-------+----------+-------------------------------------------
     0 | D:1      | kudzoo the Djinni Hedge Wizard began the quest for the Orb.
     0 | D:1      | Reached XP level 1. HP: 15/15 MP: 0/0
   430 | D:1      | Reached XP level 2. HP: 18/21 MP: 0/0
  1088 | D:2      | Reached skill level 3 in Spellcasting
  1088 | D:2      | Reached XP level 3. HP: 19/25 MP: 0/0
  1088 | D:2      | Learned a level 1 spell: Pain
  1219 | D:2      | Found a faded altar of an unknown god.
  1680 | D:2      | Noticed Jessica
  1684 | D:2      | Killed Jessica
  1685 | D:2      | Reached XP level 4. HP: 22/31 MP: 0/0
  2259 | D:2      | Reached skill level 4 in Spellcasting
  2266 | D:2      | Reached XP level 5. HP: 28/35 MP: 0/0
  2266 | D:2      | Learned a level 2 spell: Corpse Rot
  2559 | D:2      | Found a runed translucent door.
  2560 | D:2      | Noticed Crazy Yiuf
  2809 | D:4      | Found a glowing drain.
  2900 | Sewer    | Entered a sewer
  3374 | D:5      | Entered Level 5 of the Dungeon
  3374 | D:5      | Noticed an ice beast
  3622 | D:4      | Reached XP level 6. HP: 28/41 MP: 0/0
  4241 | D:4      | Reached skill level 1 in Fighting
  4382 | D:5      | Noticed Ijyb
  4403 | D:4      | Noticed a necrophage
  4425 | D:4      | Killed a necrophage
  4568 | D:4      | Noticed an ogre
  4907 | D:4      | Identified the +3 scale mail of the Swan {Harm Rampage
                  | +Blink rPois}
  5196 | D:5      | Noticed a sky beast
  5421 | D:3      | Reached XP level 7. HP: 48/48 MP: 0/0
  5421 | D:3      | Learned a level 3 spell: Stone Arrow
  5565 | D:3      | Found Vomippak's Distillery.
  5758 | D:3      | Reached skill level 5 in Spellcasting
  6040 | D:4      | Reached skill level 1 in Armour
  6040 | D:4      | Reached skill level 1 in Evocations
  6277 | D:5      | Reached skill level 1 in Short Blades
  6481 | D:5      | Noticed Duvessa
  6481 | D:5      | Noticed Dowan
  6555 | D:4      | Reached XP level 8. HP: 24/54 MP: 0/0
  6975 | D:6      | Found a white marble altar of Elyvilon.
  7005 | D:6      | Found a shadowy altar of Dithmenos.
  7011 | D:6      | Noticed Edmund
  7099 | D:6      | Killed Edmund
  7422 | D:6      | Noticed a shadow
  7436 | D:6      | Killed a shadow
  7437 | D:6      | Reached skill level 6 in Spellcasting
  7726 | D:6      | Reached XP level 9. HP: 48/61 MP: 0/0
  7726 | D:6      | Learned a level 3 spell: Lesser Beckoning
  7835 | D:7      | Noticed Menkaure
  8212 | D:7      | Shot with an arrow by a centaur

Illustrated notes

Levels and vault maps discovered:
D:1:      evilmike_arrival_crescent, layout_basic
D:2:      minmay_skewed_foursquare, layout_loops_ring,
          hellmonk_ecumenical_altar_lost_god, grunt_ministairs_8, uniq_jessica,
          uniq_crazy_yiuf_cottage
D:3:      cheibrodos_helix_gallery, layout_loops_ring, serial_shops,
          nicolae_shop_statue_plus, minmay_unequal
D:4:      layout_basic, cheibrodos_sewer_entry_sluice
D:5:      layout_basic, grunt_temple_overflow_cloverleaf,
          minmay_temple_entry_tees, pf_guarded_unrand_delatra,
          uniq_blork_the_orc, uniq_duvessa, uniq_ijyb
D:6:      layout_gridville, nicolae_elyvilon_peaceful_grove,
          mainiacjoe_overflow_paths, uniq_edmund, uniq_prince_ribbit1,
          uniq_eustachio
D:7:      layout_basic, item_on_display_a, uniq_menkaure

Skill      XL: |  1  2  3  4  5  6  7  8  9 |
---------------+----------------------------+-----
Spellcasting   | 3 4 5 6 |  6.5
Stealth        | 2 |  2.4
Fighting       | 1 2 3 |  3.4
Dodging        | 3 |  3.5
Armour         | 1 3 |  3.4
Evocations     | 1 2 3 |  3.1
Short Blades   | 1 2 |  2.1

Action                   |  1- 3 |  4- 6 |  7- 9 || total
-------------------------+-------+-------+-------++-------
Melee: Dagger            |     9 |    30 |   135 ||   174
       Punch             |       |       |     4 ||     4
 Cast: Magic Dart        |    58 |   208 |    81 ||   347
       Slow              |     1 |     5 |       ||     6
       Call Imp          |       |    10 |    35 ||    45
  Use: Scroll            |       |     2 |     1 ||     3
Armor: Robe              |     4 |    11 |       ||    15
       Scale mail        |       |     6 |    81 ||    87
Dodge: Dodged            |    11 |    31 |    75 ||   117
